 Dungeon Sprint DCSS version 0.24-a0-317-g5cb8de4b22 (webtiles) character file.

Game seed: 10427726176591973382

6500000 Hercules1031 the Axe Maniac (level 27, -41/298 HPs)
             Began as a Deep Dwarf Warper on May 16, 2019.
             Was the Champion of Makhleb.
             Annihilated by a destroyer
             ... wielding a +9 great sword of slicing
              (157 damage)
             ... in the Dungeon (Sprint VIII: "Arena of Blood").
             The game lasted 00:03:50 (65 turns).

Hercules1031 the Axe Maniac (Deep Dwarf Warper)       Turns: 65, Time: 00:03:51

Health: -41/298    AC:  6    Str: 16    XL:     27
Magic:  32/54      EV: 35    Int: 17    God:    Makhleb [******]
Gold:   0          SH:  0    Dex: 21    Spells: 80/80 levels left

rFire    . . .     SeeInvis .   c - +∞ Axe of Woe
rCold    . . .     Gourm    .   (shield currently unavailable)
rNeg     + . .     Faith    .   b - +0 leather armour
rPois    .         Spirit   .   (no helmet)
rElec    .         Reflect  .   (no cloak)
rCorr    .         Harm     .   (no gloves)
MR       ++++.     NoTele   +   (no boots)
Stlth    +++++++++.             (no amulet)
HPRegen  0.00/turn              (no ring)
MPRegen  0.34/turn              (no ring)

@: very slightly contaminated, non-regenerating
A: damage resistance, heal wounds, negative energy resistance 1, sense
surroundings 3, no regeneration
a: Heal Wounds, Minor Destruction, Lesser Servant of Makhleb, Major Destruction,
Greater Servant of Makhleb, Renounce Religion


You were in the Dungeon.
You worshipped Makhleb.
Makhleb was exalted by your worship.
You were not hungry.

You visited 1 branch

Inventory:

Hand Weapons
 a - a +0 hand axe
 c - the +∞ Axe of Woe (weapon)
   (You found it in the Dungeon)
Missiles
 e - 5 boomerangs of dispersal (quivered)
Armour
 b - a +0 leather armour (worn)
Jewellery
 l - an uncursed ring of protection from fire
Scrolls
 d - a scroll of blinking
Potions
 g - a potion of curing
 h - a potion of heal wounds
 i - a potion of haste
 j - 2 potions of magic
 k - a potion of berserk rage
Comestibles
 f - a ration


   Skills:
 O Level 27 Fighting
 O Level 27 Axes
 O Level 27 Throwing
 O Level 27 Armour
 O Level 27 Dodging
 O Level 27 Stealth
 O Level 27 Unarmed Combat
 O Level 27 Spellcasting
   Level 3.2 Translocations
 O Level 27 Invocations


You had 80 spell levels left.
You didn't know any spells.
Your spell library contained the following spells:

 Spells                   Type           Power        Failure   Level  Hunger
 Blink                    Tloc           N/A          1%          2    None
 Shroud of Golubria       Chrm/Tloc      ####......   1%          2    None
 Gell's Gravitas          Tloc           ####......   1%          3    None
 Lesser Beckoning         Tloc           ####......   1%          3    None
 Teleport Other           Tloc           ####....     1%          3    None
 Passage of Golubria      Tloc           N/A          4%          4    None


Dungeon Overview and Level Annotations

Branches:
Dungeon (1/1)

Altars:
Makhleb


Innate Abilities, Weirdness & Mutations

You are resistant to damage.
You can heal yourself by infusing magical energy.
You resist negative energy. (rN+)
You passively map a large area around you.
You do not regenerate.


Message History

You feel better.
You slash the crawling corpse!
You cleave the crawling corpse in twain.
You destroy the crawling corpse!
You hear a shout! x3
Unknown command.
l - an uncursed ring of protection from fire You hear a shout!
Some corpses begin to drag themselves along the ground!
Some corpses meld into agglomerations of writhing flesh!
A meat berserker comes into view. It is wielding a +9 battleaxe.
You hear a shout! x4
The meat beast bites you! The meat beast completely misses you.
The eight-headed meat hydra calls on the powers of darkness!
The eight-headed meat hydra convulses!
The large bag of meat convulses!
The bag of meat convulses!
The meat berserker convulses!
The bag of meat convulses!
Your body is wracked with pain!
The bag of meat convulses!
The destroyer hits you with a +9 great sword of slicing!!!!!
Ouch! That really hurt!
You die...

, , #........*, ,
#.........#. ,
#....... ....#....
#......,..#......#
#...L# ..o........
#....##.§.o...#...
#2Vo)o#.....#..%..
#@xo)xz###.%......
#)oxoo##....#..)xx
#.x))#)))....°#).x
#x.§x#)))...○°§)x.
#...xOD.....○)☼§.#
#....z...O...○§...
#.................
#..O......#.%.....
#........#.#.#....


You could see a meat beast, a tyrant, an eight-headed meat hydra, a destroyer, 2
sculptors of flesh, a large bag of meat (inner flame), a meat berserker
(berserk), 2 small abominations, 6 bags of meat and 5 crawling corpses.

Vanquished Creatures
  Harold (D)
  12 vampire knights (D)
  21 ogres (D)
  3 two-headed ogres (D)
  4 liches (D)
  49 orcs (D)
  2 skeletal warriors (D)
  3 small abominations (D)
  2 crawling corpses (D)
97 creatures vanquished.

Vanquished Creatures (others)
  5 crawling corpses (D)
5 creatures vanquished.

Grand Total: 102 creatures vanquished

Notes
Turn   | Place    | Note
-------+----------+-------------------------------------------
     0 | D        | Found the +∞ Axe of Woe
     0 | D        | Hercules1031 the Deep Dwarf Warper began the quest for the
                  | Orb.
     0 | D        | Reached XP level 1. HP: 19/19 MP: 3/3
     2 | D        | Noticed a bag of meat
     3 | D        | Noticed a bag of meat
     4 | D        | Killed a bag of meat
     4 | D        | Reached skill level 15 in Axes
     4 | D        | Reached skill level 15 in Armour
     4 | D        | Reached skill level 15 in Dodging
     4 | D        | Reached XP level 2. HP: 48/48 MP: 4/4
     4 | D        | Reached XP level 3. HP: 55/55 MP: 5/5
     4 | D        | Reached XP level 4. HP: 63/63 MP: 6/6
     4 | D        | Reached XP level 5. HP: 70/70 MP: 7/7
     4 | D        | Reached XP level 6. HP: 79/79 MP: 8/8
     4 | D        | Reached XP level 7. HP: 86/86 MP: 9/9
     4 | D        | Reached XP level 8. HP: 94/94 MP: 10/10
     4 | D        | Gained mutation: You passively map the area around you.
                  | [Deep Dwarf growth]
     4 | D        | Reached XP level 9. HP: 102/102 MP: 11/11
     4 | D        | Reached XP level 10. HP: 110/110 MP: 12/12
     4 | D        | Reached XP level 11. HP: 117/117 MP: 13/13
     4 | D        | Noticed a bag of meat
     5 | D        | Noticed a bag of meat
     5 | D        | Became a worshipper of Makhleb the Destroyer
     6 | D        | Noticed a bag of meat
     6 | D        | Noticed a bag of meat
     7 | D        | Killed a bag of meat
     7 | D        | Reached skill level 15 in Fighting
     7 | D        | Reached XP level 12. HP: 132/132 MP: 14/14
     7 | D        | Noticed a bag of meat
     8 | D        | Killed a bag of meat
     8 | D        | Reached * piety under Makhleb
     8 | D        | Reached XP level 13. HP: 133/142 MP: 15/15
     8 | D        | Noticed a meat berserker
     8 | D        | Noticed a bag of meat
     9 | D        | Killed a bag of meat
     9 | D        | Gained mutation: You resist negative energy. (rN+) [Deep
                  | Dwarf growth]
     9 | D        | Reached XP level 14. HP: 146/156 MP: 16/16
     9 | D        | Noticed a meat berserker
     9 | D        | Noticed a bag of meat
    10 | D        | Noticed a bag of meat
    10 | D        | Noticed a bag of meat
    10 | D        | Noticed a bag of meat
    10 | D        | Noticed a bag of meat
    11 | D        | Noticed a meat berserker
    11 | D        | Noticed a meat berserker
    11 | D        | Noticed a meat berserker
    11 | D        | Noticed a bag of meat
    12 | D        | Killed a bag of meat
    12 | D        | Killed a meat berserker
    12 | D        | Reached ** piety under Makhleb
    12 | D        | Reached XP level 15. HP: 170/170 MP: 17/17
    13 | D        | Reached XP level 16. HP: 183/183 MP: 18/18
    13 | D        | Noticed a large bag of meat
    14 | D        | Reached *** piety under Makhleb
    15 | D        | Killed a meat berserker
    15 | D        | Reached skill level 27 in Axes
    15 | D        | Reached skill level 27 in Armour
    15 | D        | Reached skill level 27 in Dodging
    15 | D        | Reached XP level 17. HP: 139/200 MP: 19/19
    15 | D        | Noticed a meat berserker
    16 | D        | Reached **** piety under Makhleb
    16 | D        | Reached skill level 27 in Fighting
    16 | D        | Reached skill level 5 in Throwing
    16 | D        | Reached skill level 15 in Spellcasting
    17 | D        | Killed a meat berserker
    17 | D        | Gained mutation: You passively map a large area around you.
                  | [Deep Dwarf growth]
    17 | D        | Reached XP level 18. HP: 218/218 MP: 19/43
    17 | D        | Killed a meat berserker
    18 | D        | Reached ***** piety under Makhleb
    18 | D        | Reached skill level 10 in Throwing
    18 | D        | Reached XP level 19. HP: 226/226 MP: 19/49
    18 | D        | Killed a meat berserker
    18 | D        | Reached skill level 27 in Spellcasting
    20 | D        | Noticed a destroyer
    20 | D        | Noticed a destroyer
    21 | D        | Noticed a meat berserker
    21 | D        | Noticed a meat berserker
    22 | D        | Noticed a meat berserker
    22 | D        | Noticed a meat berserker
    22 | D        | Noticed a meat berserker
    23 | D        | Killed a large bag of meat
    23 | D        | Reached skill level 27 in Throwing
    23 | D        | Reached XP level 20. HP: 236/236 MP: 20/51
    23 | D        | Killed a destroyer
    25 | D        | Killed a meat berserker
    25 | D        | Killed a meat berserker
    25 | D        | Reached ****** piety under Makhleb
    25 | D        | Reached XP level 21. HP: 244/244 MP: 21/52
    25 | D        | Reached skill level 27 in Stealth
    25 | D        | Reached skill level 27 in Invocations
    27 | D        | Noticed a large bag of meat
    27 | D        | Noticed a destroyer
    27 | D        | Reached skill level 27 in Unarmed Combat
    27 | D        | Killed a destroyer
    27 | D        | Reached XP level 22. HP: 254/254 MP: 21/53
    27 | D        | Noticed a large bag of meat
    28 | D        | Noticed The Servant
    29 | D        | Killed The Servant
    29 | D        | Reached XP level 23. HP: 262/262 MP: 22/54
    31 | D        | Reached XP level 24. HP: 272/272 MP: 22/54
    32 | D        | Killed a large bag of meat
    33 | D        | Noticed a destroyer
    34 | D        | Noticed a destroyer
    34 | D        | Noticed a destroyer
    35 | D        | Killed a large bag of meat
    35 | D        | Reached XP level 25. HP: 187/280 MP: 23/54
    35 | D        | Noticed a destroyer
    38 | D        | Noticed a destroyer
    41 | D        | Noticed a destroyer
    42 | D        | Killed a destroyer
    42 | D        | Reached XP level 26. HP: 290/290 MP: 25/54
    44 | D        | Killed a destroyer
    44 | D        | Reached XP level 27. HP: 298/298 MP: 26/54
    47 | D        | Killed a destroyer
    47 | D        | Killed a destroyer
    47 | D        | Noticed a destroyer
    50 | D        | Noticed a tyrant
    51 | D        | Noticed a tyrant
    51 | D        | Killed a destroyer
    51 | D        | Noticed a destroyer
    51 | D        | Noticed a destroyer
    52 | D        | Noticed a tyrant
    52 | D        | Killed a tyrant
    52 | D        | Noticed a destroyer
    54 | D        | Killed a destroyer
    54 | D        | Killed a destroyer
    55 | D        | Killed a destroyer
    57 | D        | Killed a destroyer
    57 | D        | Noticed a large bag of meat
    57 | D        | Noticed a tyrant
    58 | D        | Killed a tyrant
    58 | D        | Killed a tyrant
    58 | D        | Noticed a tyrant
    59 | D        | Killed a tyrant
    61 | D        | Noticed an accursed
    62 | D        | Killed a destroyer
    64 | D        | Noticed a meat beast
    65 | D        | Annihilated by a destroyer

Levels and vault maps discovered:
D:        meatsprint

Skill      XL: |  1  2  3  4  5  6  7  8  9 10 11 12 13 14 15 16 17 18 19 20 21 |
---------------+----------------------------------------------------------------+-----
Fighting       | 13 15 16 18 20 21 24 27 | 27.0
Axes           | 15 18 19 20 23 25 27 | 27.0
Armour         | 15 17 19 20 23 25 27 | 27.0
Dodging        | 15 18 19 20 23 25 27 | 27.0
Throwing       | 7 10 27 | 27.0
Spellcasting   | 21 26 27 | 27.0
Stealth        | 26 27 | 27.0
Unarmed Combat | 19 27 | 27.0
Invocations    | 25 27 | 27.0
Translocations | |  3.2

Action                   |  1- 3 |  4- 6 |  7- 9 | 10-12 | 13-15 | 16-18 | 19-21 | 22-24 | 25-27 || total
-------------------------+-------+-------+-------+-------+-------+-------+-------+-------+-------++-------
Melee: Executioner's axe |     1 |       |       |     2 |     3 |     5 |     4 |     7 |    22 ||    44
  Use: Scroll            |       |       |       |       |       |       |       |       |     1 ||     1
Dodge: Dodged            |       |       |       |       |       |       |     1 |       |     3 ||     4

Table legend:
 A = Non-vault XP
 B = Vault XP
 C = Vault XP percentage of total XP
 D = Non-vault monster count
 E = Vault monster count
 F = Vault count percentage of total count
                 A         B        C        D         E       F
            +---------+---------+-------+---------+---------+-------
      Total | 1342570 |  846051 |  38.7 |      47 |      48 |  50.5
            +---------+---------+-------+---------+---------+-------
          D | 1342570 |  846051 |  38.7 |      47 |      48 |  50.5
            +---------+---------+-------+---------+---------+-------
